TOP OF THE 1ST |
Washington State Cougars batting - Pitching for Kansas Jayhawks : RHP Bill Wallace
|
Pitching: RHP Bill Wallace
|
|
Batting: RHB Bill McKinney
|
0-0: Called Strike 0-1: Foul Ball, location: 2F 0-2: Ball 1-2: Ground out U3 (Groundball, 3S)
|
Batting: RHB Ismael Rodríguez
|
0-0: Called Strike 0-1: Ball 1-1: SOLO HOME RUN (Flyball, 8RXD), Distance : 393 ft
|
Batting: RHB Jesús Domínguez
|
0-0: Ball 1-0: Called Strike 1-1: Ball 2-1: Ground out U3 (Groundball, 3S)
|
Batting: RHB John Hall
|
0-0: Ball 1-0: Ball 2-0: Ball 3-0: Base on Balls
|
Batting: LHB Andrew Lockhart
|
0-0: Ground out 4-3 (Groundball, 4)
|
Top of the 1st over - 1 run(s), 1 hit(s), 0 error(s), 1 left on base; Washington State 1 - Kansas 0 |
BOTTOM OF THE 1ST |
Kansas Jayhawks batting - Pitching for Washington State Cougars : LHP Andy O'Toole
|
Pitching: LHP Andy O'Toole
|
|
Batting: LHB Kevin Grimes
|
0-0: Swinging Strike 0-1: Called Strike 0-2: Ball 1-2: Foul Ball, location: 2F 1-2: Ball 2-2: Strikes out swinging
|
Batting: RHB Johnny Hawson
|
0-0: Ground out 5-3 (Groundball, 5)
|
Batting: LHB Victor Stuart
|
0-0: Ball 1-0: Ball 2-0: Fly out, F8 (Flyball, 8RS)
|
Bottom of the 1st over - 0 run(s), 0 hit(s), 0 error(s), 0 left on base; Washington State 1 - Kansas 0 |
TOP OF THE 2ND |
Washington State Cougars batting - Pitching for Kansas Jayhawks : RHP Bill Wallace
|
Batting: RHB Juan Flores
|
0-0: Called Strike 0-1: Ball 1-1: Called Strike 1-2: Strikes out swinging
|
Batting: RHB Brian Austin
|
0-0: Called Strike 0-1: Called Strike 0-2: Ball 1-2: Foul Ball, location: 2F 1-2: Ball 2-2: Strikes out swinging
|
Batting: RHB Adam Gentry
|
0-0: Ground out 4-3 (Groundball, 4)
|
Top of the 2nd over - 0 run(s), 0 hit(s), 0 error(s), 0 left on base; Washington State 1 - Kansas 0 |
BOTTOM OF THE 2ND |
Kansas Jayhawks batting - Pitching for Washington State Cougars : LHP Andy O'Toole
|
Batting: RHB Robbie Jenkins
|
0-0: Called Strike 0-1: Ball 1-1: Called Strike 1-2: Foul Ball, location: 2F 1-2: Ball 2-2: Foul Ball, location: 2F 2-2: Foul Ball, location: 2F 2-2: Ball 3-2: Base on Balls
|
Batting: RHB John Stevens
|
0-0: Called Strike 0-1: Called Strike Balk! Robbie Jenkins to second 0-2: Foul Ball, location: 2F 0-2: Ball 1-2: Strikes out swinging
|
Batting: LHB Roy Woods
|
0-0: Ball 1-0: Swinging Strike 1-1: Ground out 4-3 (Groundball, 4) Robbie Jenkins to third
|
Batting: RHB Manuel Cisneros
|
0-0: Foul Ball, location: 2F 0-1: Called Strike 0-2: Fly out, F7 (Flyball, 7LM)
|
Bottom of the 2nd over - 0 run(s), 0 hit(s), 0 error(s), 1 left on base; Washington State 1 - Kansas 0 |
TOP OF THE 3RD |
Washington State Cougars batting - Pitching for Kansas Jayhawks : RHP Bill Wallace
|
Batting: RHB Eddy Henderson
|
0-0: Ball 1-0: Fly out, F9 (Flyball, 9S)
|
Batting: RHB Bill McKinney
|
0-0: Ball 1-0: Ball 2-0: Ball 3-0: Base on Balls
|
Batting: RHB Ismael Rodríguez
|
0-0: Ball 1-0: SINGLE (Groundball, 6D) Bill McKinney to second
|
Batting: RHB Jesús Domínguez
|
0-0: Ball 1-0: Called Strike 1-1: Called Strike 1-2: Strikes out swinging
|
Batting: RHB John Hall
|
0-0: DOUBLE (Flyball, 7LM) Bill McKinney scores Ismael Rodríguez to third
|
Batting: LHB Andrew Lockhart
|
0-0: Ground out 5-3 (Groundball, 5L)
|
Top of the 3rd over - 1 run(s), 2 hit(s), 0 error(s), 2 left on base; Washington State 2 - Kansas 0 |
BOTTOM OF THE 3RD |
Kansas Jayhawks batting - Pitching for Washington State Cougars : LHP Andy O'Toole
|
Batting: LHB Francisco Blanco
|
0-0: Fly out, F8 (Flyball, 89M)
|
Batting: RHB Cordell Grady
|
0-0: Ball 1-0: Ball 2-0: Foul Ball, location: 2F 2-1: Ball 3-1: Called Strike 3-2: Strikes out swinging
|
Batting: LHB Kevin Grimes
|
0-0: Ground out 5-3 (Groundball, 5)
|
Bottom of the 3rd over - 0 run(s), 0 hit(s), 0 error(s), 0 left on base; Washington State 2 - Kansas 0 |
TOP OF THE 4TH |
Washington State Cougars batting - Pitching for Kansas Jayhawks : RHP Bill Wallace
|
Batting: RHB Juan Flores
|
0-0: Ball 1-0: Ball 2-0: Called Strike 2-1: Swinging Strike 2-2: Foul Ball, location: 2F 2-2: Strikes out swinging
|
Batting: RHB Brian Austin
|
0-0: Ball 1-0: Swinging Strike 1-1: Ball 2-1: Ball 3-1: Foul Ball, location: 2F 3-2: Foul Ball, location: 2F 3-2: Base on Balls
|
Batting: RHB Adam Gentry
|
0-0: Fly out, F9 (Line Drive, 89M)
|
Batting: RHB Eddy Henderson
|
0-0: Called Strike 0-1: Ball 1-1: Fly out, F3 (Popup, 3F)
|
Top of the 4th over - 0 run(s), 0 hit(s), 0 error(s), 1 left on base; Washington State 2 - Kansas 0 |
BOTTOM OF THE 4TH |
Kansas Jayhawks batting - Pitching for Washington State Cougars : LHP Andy O'Toole
|
Batting: RHB Johnny Hawson
|
0-0: Ball 1-0: Ball 2-0: Called Strike 2-1: Called Strike 2-2: Fly out, F9 (Flyball, 89M)
|
Batting: LHB Victor Stuart
|
0-0: Fly out, F6 (Line Drive, 6M)
|
Batting: RHB Robbie Jenkins
|
0-0: Ball 1-0: Ball 2-0: Swinging Strike 2-1: Fly out, F9 (Line Drive, 9LS)
|
Bottom of the 4th over - 0 run(s), 0 hit(s), 0 error(s), 0 left on base; Washington State 2 - Kansas 0 |
TOP OF THE 5TH |
Washington State Cougars batting - Pitching for Kansas Jayhawks : RHP Bill Wallace
|
Batting: RHB Bill McKinney
|
0-0: Called Strike 0-1: SINGLE (Groundball, 5D)
|
Batting: RHB Ismael Rodríguez
|
0-0: Called Strike 0-1: Foul Ball, location: 2F 0-2: Ball 1-2: Ball 2-2: Foul Ball, location: 2F 2-2: Ball 3-2: Base on Balls Bill McKinney to second
|
Batting: RHB Jesús Domínguez
|
0-0: Called Strike 0-1: Called Strike 0-2: Foul Ball, location: 2F 0-2: Ball 1-2: Ball 2-2: Ball 3-2: Base on Balls Bill McKinney to third Ismael Rodríguez to second
|
Batting: RHB John Hall
|
0-0: Ball 1-0: Called Strike 1-1: Ball 2-1: Ball 3-1: Base on Balls Bill McKinney scores Ismael Rodríguez to third Jesús Domínguez to second
|
Batting: LHB Andrew Lockhart
|
0-0: Ball 1-0: Ball 2-0: Ball 3-0: Called Strike 3-1: Fly out, F6 (Popup, 6MS)
|
Pitching: LHP John Claveau
|
|
Batting: RHB Juan Flores
|
0-0: Foul Ball, location: 2F 0-1: Ball 1-1: Reached on error, E5 (Groundball, 5S) Ismael Rodríguez scores Jesús Domínguez scores John Hall to third
|
Batting: RHB Brian Austin
|
0-0: Ball 1-0: Ball 2-0: Swinging Strike 2-1: Foul Ball, location: 2F 2-2: Ball 3-2: DOUBLE (Flyball, 9LM) John Hall scores Juan Flores scores
|
Batting: RHB Adam Gentry
|
0-0: Ball 1-0: Ball 2-0: Ground out 6-3 (Groundball, 6)
|
Batting: RHB Eddy Henderson
|
0-0: Ball 1-0: Ball 2-0: Ball 3-0: Base on Balls
|
Batting: RHB Bill McKinney
|
0-0: Ball 1-0: Swinging Strike 1-1: Foul Ball, location: 2F 1-2: Ball 2-2: Strikes out swinging
|
Top of the 5th over - 5 run(s), 2 hit(s), 1 error(s), 2 left on base; Washington State 7 - Kansas 0 |
BOTTOM OF THE 5TH |
Kansas Jayhawks batting - Pitching for Washington State Cougars : LHP Andy O'Toole
|
Batting: RHB John Stevens
|
0-0: Foul Ball, location: 2F 0-1: Ball 1-1: Ball 2-1: Foul Ball, location: 2F 2-2: Foul Ball, location: 2F 2-2: Foul Ball, location: 2F 2-2: Fly out, F7 (Flyball, 7M)
|
Batting: LHB Roy Woods
|
0-0: Swinging Strike 0-1: Fly out, F3 (Line Drive, 34)
|
Batting: RHB Manuel Cisneros
|
0-0: Ball 1-0: Ball 2-0: Ball 3-0: Base on Balls
|
Batting: LHB Francisco Blanco
|
0-0: Called Strike 0-1: Foul Ball, location: 2F 0-2: Foul Ball, location: 2F 0-2: Ball Manuel Cisneros steals 2nd base 1-2: Foul Ball, location: 2F 1-2: Ball 2-2: Fly out, F5 (Popup, 5S)
|
Bottom of the 5th over - 0 run(s), 0 hit(s), 0 error(s), 1 left on base; Washington State 7 - Kansas 0 |
TOP OF THE 6TH |
Washington State Cougars batting - Pitching for Kansas Jayhawks : LHP John Claveau
|
Batting: RHB Ismael Rodríguez
|
0-0: Ball 1-0: Ball 2-0: Ground out 6-3 (Groundball, 6M)
|
Batting: RHB Jesús Domínguez
|
0-0: Foul Ball, location: 2F 0-1: Swinging Strike 0-2: Foul Ball, location: 2F 0-2: Ball 1-2: Strikes out looking
|
Batting: RHB John Hall
|
0-0: Called Strike 0-1: Foul Ball, location: 2F 0-2: Strikes out swinging
|
Top of the 6th over - 0 run(s), 0 hit(s), 0 error(s), 0 left on base; Washington State 7 - Kansas 0 |
BOTTOM OF THE 6TH |
Kansas Jayhawks batting - Pitching for Washington State Cougars : LHP Andy O'Toole
|
Batting: RHB Cordell Grady
|
0-0: Ball 1-0: Foul Ball, location: 2F Error on foul ball, E2 1-2: Ground out 6-3 (Groundball, 6M)
|
Batting: LHB Kevin Grimes
|
0-0: Ball 1-0: Swinging Strike 1-1: Foul Ball, location: 2F 1-2: Ground out 6-3 (Groundball, 6)
|
Batting: RHB Johnny Hawson
|
0-0: Ball 1-0: Foul Ball, location: 2F 1-1: Fly out, F8 (Flyball, 8RM)
|
Bottom of the 6th over - 0 run(s), 0 hit(s), 1 error(s), 0 left on base; Washington State 7 - Kansas 0 |
TOP OF THE 7TH |
Washington State Cougars batting - Pitching for Kansas Jayhawks : LHP John Claveau
|
Batting: LHB Andrew Lockhart
|
0-0: Foul Ball, location: 2F 0-1: Ball 1-1: Swinging Strike 1-2: Ball 2-2: Fly out, F7 (Line Drive, 7S)
|
Pitching: LHP Ángel Rivera
|
|
Batting: RHB Juan Flores
|
0-0: Ball 1-0: Foul Ball, location: 2F 1-1: Swinging Strike 1-2: Ball 2-2: Strikes out looking
|
Batting: RHB Brian Austin
|
0-0: Ball 1-0: Fly out, F9 (Flyball, 89M)
|
Top of the 7th over - 0 run(s), 0 hit(s), 0 error(s), 0 left on base; Washington State 7 - Kansas 0 |
BOTTOM OF THE 7TH |
Kansas Jayhawks batting - Pitching for Washington State Cougars : LHP Andy O'Toole
|
Batting: LHB Victor Stuart
|
0-0: Called Strike 0-1: Called Strike 0-2: Ground out 3-1 (Groundball, 34)
|
Batting: RHB Robbie Jenkins
|
0-0: Ball 1-0: Ball 2-0: Ground out 4-3 (Groundball, 4)
|
Batting: RHB John Stevens
|
0-0: Swinging Strike 0-1: Foul Ball, location: 2F 0-2: Ball 1-2: Strikes out swinging
|
Bottom of the 7th over - 0 run(s), 0 hit(s), 0 error(s), 0 left on base; Washington State 7 - Kansas 0 |
TOP OF THE 8TH |
Washington State Cougars batting - Pitching for Kansas Jayhawks : LHP Ángel Rivera
|
Batting: RHB Adam Gentry
|
0-0: Called Strike 0-1: Ground out 6-3 (Groundball, 6M)
|
Batting: RHB Eddy Henderson
|
0-0: Called Strike 0-1: Ball 1-1: SINGLE (Groundball, 34)
|
Batting: RHB Bill McKinney
|
0-0: Ball 1-0: Ball 2-0: Ball Pickoff Throw to First - Out! 3-0: Base on Balls
|
Batting: RHB Ismael Rodríguez
|
0-0: Called Strike 0-1: Fielders Choice at 2nd, 6-4 (Groundball, 6)
|
Top of the 8th over - 0 run(s), 1 hit(s), 0 error(s), 0 left on base; Washington State 7 - Kansas 0 |
BOTTOM OF THE 8TH |
Kansas Jayhawks batting - Pitching for Washington State Cougars : LHP Andy O'Toole
|
Batting: LHB Roy Woods
|
0-0: Ball 1-0: Called Strike 1-1: Foul Ball, location: 2F 1-2: Hit by Pitch
|
Batting: RHB Manuel Cisneros
|
0-0: Foul Ball, location: 2F 0-1: Ball 1-1: Ball 2-1: Swinging Strike 2-2: Foul Ball, location: 2F 2-2: Strikes out swinging
|
Batting: LHB Francisco Blanco
|
0-0: DOUBLE (Line Drive, 8LD) Roy Woods to third
|
Pitching: LHP Bob Franklin
|
|
Batting: RHB Cordell Grady
|
0-0: Ball 1-0: Ball 2-0: Ball 3-0: Base on Balls
|
Batting: LHB Kevin Grimes
|
0-0: Ball 1-0: Ball 2-0: Ball 3-0: Foul Ball, location: 2F 3-1: Base on Balls Roy Woods scores Francisco Blanco to third Cordell Grady to second
|
Batting: RHB Johnny Hawson
|
0-0: Called Strike 0-1: Ball 1-1: Fielders Choice at 2nd, 5-4 (Groundball, 56) Francisco Blanco scores Cordell Grady to third
|
Batting: LHB Victor Stuart
|
0-0: Ball 1-0: Ball 2-0: Swinging Strike 2-1: Foul Ball, location: 2F 2-2: Ball 3-2: Foul Ball, location: 2F 3-2: Base on Balls Johnny Hawson to second
|
Batting: RHB Robbie Jenkins
|
0-0: Ball 1-0: Called Strike 1-1: Ball 2-1: DOUBLE (Line Drive, 7LD) Cordell Grady scores Johnny Hawson scores Victor Stuart to third
|
Batting: RHB John Stevens
|
0-0: Foul Ball, location: 2F 0-1: Foul Ball, location: 2F 0-2: Ball 1-2: Foul Ball, location: 2F 1-2: Ball 2-2: Strikes out swinging
|
Bottom of the 8th over - 4 run(s), 2 hit(s), 0 error(s), 2 left on base; Washington State 7 - Kansas 4 |
TOP OF THE 9TH |
Washington State Cougars batting - Pitching for Kansas Jayhawks : LHP Ángel Rivera
|
Batting: RHB Jesús Domínguez
|
0-0: Ball 1-0: Called Strike 1-1: Ball 2-1: Called Strike 2-2: Ground out 4-3 (Groundball, 4M)
|
Batting: RHB John Hall
|
0-0: Ball 1-0: Swinging Strike 1-1: Foul Ball, location: 2F 1-2: SOLO HOME RUN (Flyball, 78XD), Distance : 377 ft
|
Batting: LHB Andrew Lockhart
|
0-0: Called Strike 0-1: Ball 1-1: Ground out 4-3 (Groundball, 4M)
|
Batting: RHB Juan Flores
|
0-0: Fly out, F7 (Flyball, 7LMF)
|
Top of the 9th over - 1 run(s), 1 hit(s), 0 error(s), 0 left on base; Washington State 8 - Kansas 4 |
BOTTOM OF THE 9TH |
Kansas Jayhawks batting - Pitching for Washington State Cougars : LHP Bob Franklin
|
Batting: LHB Roy Woods
|
0-0: Called Strike 0-1: Fly out, F7 (Line Drive, 78M)
|
Batting: RHB Manuel Cisneros
|
0-0: Ball 1-0: Fly out, F9 (Flyball, 9M)
|
Batting: LHB Francisco Blanco
|
0-0: Ball 1-0: Ball 2-0: Ball 3-0: Called Strike 3-1: Base on Balls
|
Pitching: RHP Lawrence Thomas
|
|
Batting: RHB Cordell Grady
|
0-0: Called Strike 0-1: Ball 1-1: Ball 2-1: Ball 3-1: Called Strike 3-2: Base on Balls Francisco Blanco to second
|
Pitching: LHP Milton Irvin
|
|
Batting: LHB Kevin Grimes
|
0-0: Ball 1-0: Ball 2-0: SINGLE (Groundball, 34D) Francisco Blanco to third Cordell Grady to second Runner from 3rd tries for Home, SAFE, no throw or cutoff
|
Batting: RHB Johnny Hawson
|
0-0: Foul Ball, location: 2F 0-1: Ball 1-1: Called Strike 1-2: DOUBLE (Line Drive, 7LS) Cordell Grady scores Kevin Grimes to third
|
Batting: LHB Victor Stuart
|
0-0: Called Strike 0-1: Ball 1-1: Ball 2-1: Swinging Strike 2-2: Foul Ball, location: 2F 2-2: Ball 3-2: Strikes out swinging
|
Bottom of the 9th over - 2 run(s), 2 hit(s), 0 error(s), 2 left on base; Washington State 8 - Kansas 6 |
|